[Event "*** Titled Tuesday Blitz"]
[Site "Chess.com"]
[Date "2021.03.09"]
[Round "9"]
[White "m_ezat"]
[Black "Abund"]
[Result "1-0"]
[WhiteElo "2551"]
[BlackElo "2640"]
[TimeControl "180+1"]
[EndTime "11:48:16 PST"]
[Termination "m_ezat won by checkmate"]

1. d4 Nf6 2. c4 g6 3. Nc3 d5 4.
Bg5 Ne4 5. cxd5 Nxg5 6. h4 e6 7. Qa4+ c6 8. dxc6 Nxc6 9. e3 Bd7 10. hxg5 Qxg5 11. Nf3 Qe7 12. Qb3 Bg7 13. Be2 O-O 14. O-O Rfc8 15. Rad1 Na5 16. Qc2 b5 17. Qd2 Nc4 18.
Bxc4 Rxc4 19. Ne4 Bc6 20. Qd3 Rd8 21. b3 Bxe4 22. Qxe4 Rc3 23. Rc1 b4 24. Rxc3 bxc3 25.
Qc6 Qa3 26. Qxc3 Qxa2 27. Ra1 Qe2 28. Qc7 Rf8 29. Qxa7 Qb2 30. Qa2 Qc3 31. Rb1 Rb8 32. Qb2 Qb4 33. Qc2 Qa3 34. g3 h6 35. Kg2 Qb4 36. Qc6 Qa3 37. b4 Rxb4 38. Qe8+ Bf8 39. Ne5 Qa7 40. Rxb4 Kg7 41. Rb8 Bd6 42. Qh8# 1-0

[Event "*** Titled Tuesday Blitz"]
[Site "Chess.com"]
[Date "2021.03.09"]
[Round "9"]
[White "Marcin"]
[Black "Geller_Jakov"]
[Result "0-1"]
[WhiteElo "2525"]
[BlackElo "2636"]
[TimeControl "180+1"]
[EndTime "11:48:16 PST"]
[Termination "Geller_Jakov won on time"]

1. d4 d5 2. c4 e6 3. Nf3 Nf6 4.
Nc3 c6 5. e3 Nbd7 6. Be2 dxc4 7.
a4 Bd6 8. Nd2 e5 9. Nxc4 Bc7 10.
b3 exd4 11. Qxd4 O-O 12. Ba3 c5 13. Qh4 b6 14. Nb5 Bb7 15. Nxc7 Qxc7 16. O-O Ne5 17. Bb2 Ng6 18. Qg5 h6 19. Qf5 Be4 20. Qh3 Qe7 21.
Bf3 Bxf3 22. Qxf3 Ne4 23. Rad1 Rfd8 24. Qf5 Nd6 25. Nxd6 Rxd6 26. Rd5 Rxd5 27. Qxd5 Rd8 28. Qc4 Qe6 29. Qc2 Qd5 30. a5 Nh4 31. f3 Qd2 32.
Rf2 Qxe3 33. Kf1 Ng6 34. Re2 Qf4 35. Qc3 f6 36. Kg1 Rd1+ 37. Kf2 Qxh2 38. Re8+ Kh7 39.
Qc4 Qh4+ 40. g3 Qxc4 0-1

[Event "*** Titled Tuesday Blitz"]
[Site "Chess.com"]
[Date "2021.03.09"]
[Round "9"]
[White "VladaSviridova"]
[Black "CM_rui"]
[Result "0-1"]
[WhiteElo "2224"]
[BlackElo "2381"]
[TimeControl "180+1"]
[EndTime "11:48:16 PST"]
[Termination "CM_rui won on time"]

1. d4 Nf6 2. c4 e6 3. Nf3 Bb4+ 4. Bd2 Qe7 5. g3 O-O 6. Bg2 d5 7. Qc2 Bxd2+ 8. Nbxd2 c6 9. O-O Nbd7 10. cxd5 exd5 11.
e3 Re8 12. h3 Nf8 13. Ne5 Ng6 14.
f4 Nd7 15. Kh2 Ngxe5 16. dxe5 f6 17. e4 dxe4 18. Bxe4 g6 19. Rae1 fxe5 20. f5 g5 21. Nf3 h6 22. h4 g4 23. Nd2 Nf6 24. Nb3 Qb4 25. Nc5 Rd8 26. Re2 Bd7 27. a3 Qb6 28. b4 a5 29. Na4 Qc7 30. Qd2 Be8 31. Qxh6 Qg7 32. Qe3 Nxe4 33. Qxe4 Rd5 34. f6 Qh6 35. Nb6 Bf7 36. Nxa8 Rd4 37. Qe3 Qg6 38. Nb6 Bd5 0-1

[Event "*** Titled Tuesday Blitz"]
[Site "Chess.com"]
[Date "2021.03.09"]
[Round "9"]
[White "Leonid_Starozhilov"]
[Black "Cptn2"]
[Result "0-1"]
[WhiteElo "2686"]
[BlackElo "2500"]
[TimeControl "180+1"]
[EndTime "11:48:17 PST"]
[Termination "Cptn2 won on time"]

1. e4 c5 2. Nf3 d6 3. Bb5+ Bd7 4. a4 g6 5. O-O Bg7 6. c3 Nf6 7. Re1 O-O 8. h3 Nc6 9. Na3 a6 10. Bf1 Rb8 11. d3 b5 12. axb5 axb5 13. Nc2 Qb6 14.
Be3 b4 15. Qd2 Na5 16. Qe2 Nb3 17. Rab1 bxc3 18. bxc3 Qc7 19. Nd2 Nxd2 20. Qxd2 c4 21. Rxb8 Rxb8 22. Nb4 cxd3 23. Bxd3 Be6 24. Bd4 Rc8 25.
Rb1 Nd7 26. Bf1 Nc5 27. Nd5 Nxe4 28. Nxc7 Nxd2 29. Rb7 Bxd4 30. cxd4 Bf5 31. Bb5 Nb3 32. Nd5 Rc1+ 33. Kh2 Nxd4 34. Nxe7+ Kg7 35. Ba6 Be6 36. Ra7 Ra1 37. Ra8 Kf6 38. Ng8+ Ke5 39. Nh6 Nb3 40. Bb7 Rxa8 41. Bxa8 d5 42. g3 d4 43. Kg1 d3 44. Bf3 Bxh3 45. Ng4+ Bxg4 46.
Bxg4 Nc5 47. Kf1 Ne4 48. Ke1 d2+ 49. Ke2 d1=Q+ 0-1

[Event "*** Titled Tuesday Blitz"]
[Site "Chess.com"]
[Date "2021.03.09"]
[Round "9"]
[White "Kaslask"]
[Black "DrCeltic"]
[Result "0-1"]
[WhiteElo "2349"]
[BlackElo "2481"]
[TimeControl "180+1"]
[EndTime "11:48:18 PST"]
[Termination "DrCeltic won on time"]

1. d4 d5 2. c4 c6 3. Nc3 Nf6 4. e3 e6 5. Nf3 Be7 6. Qc2 O-O 7. e4 dxe4 8. Nxe4 Nxe4 9. Qxe4 Nd7 10. Qc2 b6 11. Bd3 Nf6 12. O-O Bb7 13. Ne5 c5 14.
dxc5 Bxc5 15. Bg5 Qc7 16. Bxf6 gxf6 17. Ng4 Qf4 18. h3 h5 19. Nh2 Kh8 20. Rae1 f5 21.
Be2 Rg8 22. Bf3 Bxf3 23. Qc3+ Bd4 24. Qxf3 Qxf3 25. Nxf3 Bxb2 26. Rd1 Rad8 27. g3 Kg7 28. Kg2 Bf6 29. Nd2 Rd4 30. Nb3 Rxc4 31. Rd7 Ra4 32. Rc1 Rxa2 33. Rcc7 Rf8 34. g4 hxg4 35. hxg4 fxg4 36.
Nd2 Kg6 37. Ne4 g3 38. Nxg3 Bh4 39. Rxa7 Rxa7 40. Rxa7 Bxg3 41. Kxg3 Rb8 0-1

[Event "*** Titled Tuesday Blitz"]
[Site "Chess.com"]
[Date "2021.03.09"]
[Round "9"]
[White "RobertoJBM"]
[Black "KhamzinOlzhas"]
[Result "0-1"]
[WhiteElo "2714"]
[BlackElo "2574"]
[TimeControl "180+1"]
[EndTime "11:48:20 PST"]
[Termination "KhamzinOlzhas won by resignation"]

1. d4 Nf6 2. c4 e6 3. Nf3 Bb4+ 4.
Bd2 Be7 5. g3 d5 6. Bg2 O-O 7.
O-O c6 8. Qc2 b6 9. b3 Nbd7 10.
Bf4 Ba6 11. Rd1 Rc8 12. Nc3 Nh5 13. Bc1 Nhf6 14. Bb2 Qc7 15. e4 dxc4 16. Rac1 cxb3 17. axb3 Qb8 18. Qb1 Rfd8 19. h4 b5 20. e5 Nd5 21.
Ne4 h6 22. Bf1 c5 23. dxc5 Nxc5 24. Nd6 Bxd6 25. exd6 Qxd6 26. Ba3 Qb6 27. Ne5 b4 28. Bb2 Bxf1 29. Kxf1 Nxb3 30. Rxc8 Rxc8 31. Nxf7 Qb5+ 32. Kg1 Kxf7 33. Qe4 Nc3 34. Qf4+ Kg8 35. Re1 Rf8 36. Qe5 Qxe5 37. Rxe5 Nd2 38. Rxe6 Nde4 39. f4 Nxg3 40. Rg6 Nf5 41. Kf2 a5 42. Ra6 Rd8 43. Kf3 Rd5 0-1

[Event "*** Titled Tuesday Blitz"]
[Site "Chess.com"]
[Date "2021.03.09"]
[Round "9"]
[White "Vanina1989"]
[Black "eldur16"]
[Result "1/2-1/2"]
[WhiteElo "2735"]
[BlackElo "2570"]
[TimeControl "180+1"]
[EndTime "11:48:20 PST"]
[Termination "Game drawn by repetition"]

1. d4 Nf6 2. c4 e6 3. Nf3 Bb4+ 4. Bd2 c5 5. Bxb4 cxb4 6. g3 d6 7. Bg2 Nc6 8. O-O O-O 9. Qd3 Qc7 10. Nbd2 a5 11.
Rac1 h6 12. c5 d5 13. Qe3 Bd7 14. Qf4 Qxf4 15. gxf4 Rfc8 16. e3 Rab8 17. Ne5 Be8 18. Rc2 a4 19. b3 axb3 20. Nxb3 Ra8 21. Rb1 Ra4 22. Bf1 Rca8 23. Bb5 Rxa2 24. Rxa2 Rxa2 25.
Nc1 Rd2 26. Bxc6 Bxc6 27. Ncd3 Bb5 28. Nxb4 Ne4 29. Nxd5 Ba6 30. Ne7+ Kf8 31. c6 bxc6 32.
N7xc6 g5 33. fxg5 hxg5 34. Rb6 Rd1+ 35. Kg2 Bf1+ 36. Kf3 f5 37. Rb8+ Kg7 38. h4 Rd2 39. Rb7+ Kh6 40. hxg5+ Nxg5+ 41. Kg3 Ne4+ 42. Kh4 Rxf2 43.
Nf7+ Kg6 44. Nh8+ Kh6 45. Nf7+ Kg6 46. Nh8+ Kh6 47. Nf7+ 1/2-1/2

[Event "*** Titled Tuesday Blitz"]
[Site "Chess.com"]
[Date "2021.03.09"]
[Round "9"]
[White "Alex-11211"]
[Black "TheCavemanChesss"]
[Result "0-1"]
[WhiteElo "2419"]
[BlackElo "2581"]
[TimeControl "180+1"]
[EndTime "11:48:20 PST"]
[Termination "TheCavemanChesss won by checkmate"]

1. e4 c5 2. Nf3 d6 3. Bb5+ Nd7 4. O-O a6 5. Bd3 Ngf6 6. Re1 e5 7. a4 Be7 8. Nc3 O-O 9. Bc4 Nb8 10. d3 h6 11.
h3 Be6 12. Nh2 d5 13. exd5 Nxd5 14. Nxd5 Bxd5 15. Bxd5 Qxd5 16. Qf3 Rd8 17. b3 Nc6 18. Bb2 Qxf3 19. Nxf3 f6 20. Nd2 b5 21. g3 Nd4 22.
Bxd4 cxd4 23. f4 Bb4 24. Re2 exf4 25. gxf4 Re8 26. Rxe8+ Rxe8 27. Nf3 Bc3 28. Rf1 bxa4 29. bxa4 Rb8 30. Rf2 Rb4 31. Re2 Kf7 32. Nh4 Rxa4 33.
Nf5 Ra1+ 34. Kh2 Re1 35. Nd6+ Kg8 36. Rg2 Re7 37. Nf5 Ra7 38. Nxh6+ Kf8 39. Nf5 a5 40. Rg1 a4 41. Rb1 a3 42. Rb8+ Kf7 43. Nd6+ Ke6 44.
Nc4 a2 45. Kg3 a1=Q 46. Rb6+ Kf7 47. Nd6+ Kg8 48. Rb8+ Kh7 49. Kh4 Qg1 50. Nf5 Be1+ 51.
Kh5 g6# 0-1

[Event "*** Titled Tuesday Blitz"]
[Site "Chess.com"]
[Date "2021.03.09"]
[Round "9"]
[White "jd001"]
[Black "queen_iryna"]
[Result "0-1"]
[WhiteElo "2222"]
[BlackElo "2341"]
[TimeControl "180+1"]
[EndTime "11:48:20 PST"]
[Termination "queen_iryna won on time"]

1. d4 d6 2. e4 Nf6 3. Nc3 e5 4. Nf3 Nbd7 5. Bg5 Be7 6. Bc4 O-O 7. Qe2 c6 8. dxe5 Nxe5 9. Nxe5 dxe5 10. O-O b5 11. Bb3 a5 12. a3 Ba6 13. Qf3 b4 14. Ne2 Nd7 15. Bxe7 Qxe7 16. axb4 axb4 17. Rfd1 Bxe2 18.
Qxe2 Nc5 19. Bc4 Rfd8 20. Rxa8 Rxa8 21. h3 h6 22. Qe3 Nd7 23. Qd2 Nf8 24. Qd6 Qxd6 25.
Rxd6 Ra1+ 26. Kh2 Rc1 27. Rxc6 Nd7 28. Rc7 Rd1 29. Rb7 Rd2 30. Bd3 Nc5 31. Rxb4 Nxd3 32. cxd3 Rxf2 33. Rb5 f6 34. b4 Rb2 35. Rb7 Kh7 36.
b5 Rb3 37. b6 Rxd3 38. Rb8 Rb3 39. b7 Kg6 40. g4 Kg5 41. Kg2 Kh4 42. Kh2 Rb2+ 43.
Kg1 Kxh3 44. Kf1 Kxg4 45. Ke1 h5 46. Kd1 h4 47. Kc1 Rb6 48. Kc2 h3 49. Rh8 Rxb7 0-1

[Event "*** Titled Tuesday Blitz"]
[Site "Chess.com"]
[Date "2021.03.09"]
[Round "9"]
[White "Philosopherrr"]
[Black "chessdjw"]
[Result "0-1"]
[WhiteElo "2541"]
[BlackElo "2743"]
[TimeControl "180+1"]
[EndTime "11:48:21 PST"]
[Termination "chessdjw won by resignation"]

1. e4 e5 2. Nf3 Nc6 3. Bb5 a6 4. Ba4 Nf6 5. O-O b5 6. Bb3 Bc5 7. c3 d6 8. d4 Bb6 9. h3 O-O 10. Re1 h6 11. dxe5 Nxe5 12. Nxe5 dxe5 13. Qf3 Bb7 14.
Nd2 c5 15. Nf1 Nxe4 16. Bxh6 c4 17. Rxe4 Bxe4 18. Qxe4 cxb3 19. Be3 bxa2 20. Rxa2 Bxe3 21. Nxe3 Re8 22. Ra1 Qg5 23. g3 g6 24. h4 Qe7 25.
Kg2 f5 26. Qc6 Qe6 27. Qb7 Reb8 28. Qd5 Qxd5+ 29. Nxd5 Rd8 30. Ne7+ Kf7 31. Nc6 Rd5 32. Kf3 e4+ 33. Kf4 Rc5 34. Ne5+ Ke6 35. Nxg6 Rg8 36. h5 Rc6 37. Kg5 Rd6 38. h6 Kf7 39. Kxf5 Rdxg6 40. h7 Rh8 41. Kxe4 Rxh7 42. Rd1 Re6+ 43. Kf3 Kg6 44. Rd8 Rf7+ 45. Kg2 Re2 46. Rd6+ Rf6 0-1

[Event "*** Titled Tuesday Blitz"]
[Site "Chess.com"]
[Date "2021.03.09"]
[Round "9"]
[White "Reader777"]
[Black "Kildepiotr"]
[Result "1-0"]
[WhiteElo "2795"]
[BlackElo "2566"]
[TimeControl "180+1"]
[EndTime "11:48:21 PST"]
[Termination "Reader777 won by resignation"]

1. d4 c5 2. d5 e5 3. e4 d6 4. Bb5+ Nd7 5. a4 Be7 6. Nf3 Nf6 7. Nbd2 O-O 8. O-O Ne8 9. Bd3 Nc7 10. Qe2 Bg5 11.
Nxg5 Qxg5 12. Nc4 Qe7 13. f4 exf4 14. Bxf4 Ne8 15. Rae1 f6 16. Ne3 Ne5 17. Bb5 Nc7 18.
Bd3 Bd7 19. Qf2 Rad8 20. b3 a6 21. Be2 b5 22. axb5 axb5 23. Ra1 Ra8 24. h3 Rfb8 25. Qg3 Rxa1 26. Rxa1 Ra8 27. Rxa8+ Nxa8 28. Bg4 Nb6 29. Bxd7 Nbxd7 30. Nf5 Qf8 31. Bh6 Ng6 32.
Bxg7 Qa8 33. Qxd6 Qa1+ 34. Kh2 Qe5+ 35. Qxe5 Ngxe5 36. Bh6 c4 37. Bf4 cxb3 38. cxb3 Nd3 39. Be3 N7c5 40. d6 Kf7 41. Nd4 Nxe4 42. Nxb5 Ke6 43. g4 Nxd6 44. Nxd6 Kxd6 45. Kg3 Ke5 46. Kh4 f5 47. g5 f4 48. Ba7 Ke4 49. Kh5 f3 50.
Kh6 Kf5 51. h4 Kg4 52. Kxh7 Nf4 53. g6 Ne6 54. g7 Nxg7 55. Kxg7 Kxh4 56. Bf2+ Kg4 57. b4 Kf5 58. b5 Ke6 59. b6 Kd6 60. Kf6 Kc6 61. Kf5 1-0

[Event "*** Titled Tuesday Blitz"]
[Site "Chess.com"]
[Date "2021.03.09"]
[Round "9"]
[White "jens1102"]
[Black "mr65"]
[Result "1/2-1/2"]
[WhiteElo "2433"]
[BlackElo "2122"]
[TimeControl "180+1"]
[EndTime "11:48:21 PST"]
[Termination "Game drawn - insufficient material"]

1. e4 e5 2. Nf3 Nc6 3. Bc4 Nf6 4.
Nc3 Bb4 5. O-O O-O 6. d3 h6 7. Ne2 d5 8. exd5 Nxd5 9. Ng3 Nf4 10. Bxf4 exf4 11. c3 fxg3 12. cxb4 gxh2+ 13. Nxh2 Nxb4 14. Re1 Nd5 15. Qb3 c6 16. Nf3 b5 17. Bxd5 Qxd5 18. Qxd5 cxd5 19. Rac1 b4 20. Re5 Rd8 21. Rc5 Be6 22.
Nd4 Rd6 23. Nb5 Rb6 24. Nc7 Rd8 25. Nxd5 Bxd5 26. Rexd5 Rxd5 27. Rxd5 Ra6 28. Rb5 Rxa2 29. Rxb4 Ra1+ 30. Kh2 Rd1 31. Rb3 Rd2 32. Kg3 a5 33.
Kf3 a4 34. Rb8+ Kh7 35. Ke3 Rc2 36. Rb6 f5 37. g3 g5 38. d4 f4+ 39. gxf4 gxf4+ 40. Kf3 Rd2 41. Rb4 Kg6 42. Kxf4 Rxf2+ 43. Ke5 Re2+ 44. Kd6 h5 45. d5 Kg5 46. Kc5 Rc2+ 47. Kd4 h4 48. Kd3 h3 49. Rxa4 h2 50. Ra1 Rxb2 51.
Kd4 Kg4 52. d6 Kg3 53. Kd5 Kg2 54. Kc6 Rd2 55. d7 h1=Q 56. Rxh1 Kxh1 57. Kc7 Rxd7+ 58.
Kxd7 1/2-1/2

[Event "*** Titled Tuesday Blitz"]
[Site "Chess.com"]
[Date "2021.03.09"]
[Round "9"]
[White "klimkoj"]
[Black "J36225"]
[Result "0-1"]
[WhiteElo "2599"]
[BlackElo "2501"]
[TimeControl "180+1"]
[EndTime "11:48:23 PST"]
[Termination "J36225 won on time"]

1. e4 e5 2. Nf3 Nc6 3. Bb5 a6 4. Ba4 Nf6 5. O-O Nxe4 6. d4 b5 7. Bb3 d5 8. dxe5 Be6 9. Qe2 Be7 10. Rd1 O-O 11. c4 bxc4 12. Bxc4 Bc5 13. Be3 Bxe3 14.
Qxe3 Qb8 15. Bb3 Qb6 16. Qxb6 cxb6 17. Nc3 Nxc3 18. bxc3 Rfd8 19. Rd3 Na5 20. Nd4 Rac8 21. f4 Nc6 22. Nxc6 Rxc6 23. Rad1 Rdc8 24. Bxd5 Rxc3 25. Bxe6 fxe6 26. Rd7 Rc1 27. g3 Rxd1+ 28. Rxd1 Rc7 29. Rd6 Kf7 30. Rxb6 Rc1+ 31. Kg2 Rc2+ 32. Kh3 Rxa2 33.
Rb7+ Kf8 34. Ra7 a5 35. g4 a4 36. f5 Re2 37. f6 g6 38. Rxh7 Rxe5 39. Kh4 Ra5 40. g5 a3 41. Rh8+ Kf7 42. Rh7+ Kg8 43. Rd7 a2 44. Rd8+ Kf7 45. Rd7+ Ke8 46. f7+ Kf8 0-1

[Event "*** Titled Tuesday Blitz"]
[Site "Chess.com"]
[Date "2021.03.09"]
[Round "9"]
[White "LamaChampetre"]
[Black "Unknown_IM"]
[Result "0-1"]
[WhiteElo "2224"]
[BlackElo "2388"]
[TimeControl "180+1"]
[EndTime "11:48:23 PST"]
[Termination "Unknown_IM won on time"]

1. d4 d5 2. c4 e6 3. Nf3 c6 4. g3 dxc4 5. Bg2 b5 6. O-O Bb7 7. Ne5 Qc8 8. Nc3 a6 9. e4 Nf6 10. d5 Bc5 11. dxe6 Qxe6 12. Nf3 O-O 13. Qc2 Nbd7 14. Ng5 Qe7 15. Bf4 Ne5 16. Bxe5 Qxe5 17. Nf3 Qe7 18. Rad1 Rad8 19. e5 Nd5 20. Ne4 h6 21. Nxc5 Qxc5 22. Rfe1 Nb4 23. Qb1 Nd3 24. Rf1 Nxe5 25. Nxe5 Qxe5 26. Rfe1 Qc7 27. Qc2 c5 28.
Qf5 Bxg2 29. Kxg2 Rd4 30. Rc1 Qc6+ 31. Kg1 Rfd8 32. Re5 Rd1+ 33. Re1 R1d2 34. Rc3 Rxb2 35. Rce3 Rbd2 36. Re7 Rf8 37. R7e5 Rxa2 38. Rxc5 Qb6 39. Rce5 c3 40. Re8 Qd6 41. R1e7 Ra1+ 42. Kg2 Qc6+ 0-1

[Event "*** Titled Tuesday Blitz"]
[Site "Chess.com"]
[Date "2021.03.09"]
[Round "9"]
[White "Kobalia"]
[Black "MITerryble"]
[Result "1/2-1/2"]
[WhiteElo "2741"]
[BlackElo "2938"]
[TimeControl "180+1"]
[EndTime "11:48:25 PST"]
[Termination "Game drawn by repetition"]

1. e4 g6 2. d4 Bg7 3. Nf3 d6 4. Bc4 e6 5. O-O a6 6. Bb3 b6 7. Nbd2 Bb7 8. Re1 Nd7 9. c3 Ne7 10. Nf1 h6 11. Ng3 b5 12. Be3 c5 13. h3 Qc7 14.
Qd2 c4 15. Bc2 e5 16. Rad1 Rd8 17. Nh2 h5 18. Bg5 Nf6 19. Nf3 O-O 20. Bh6 Nh7 21.
Qe3 Rfe8 22. Bxg7 Kxg7 23. Nh4 d5 24. dxe5 Qxe5 25. f4 Qf6 26. Nf3 dxe4 27. Rxd8 Rxd8 28. Nxe4 Bxe4 29. Bxe4 Nf8 30. Nd4 Ne6 31. Nxe6+ Qxe6 32. Bb7 Qxe3+ 33. Rxe3 Rd1+ 34. Kf2 Nd5 35. Re1 Rd2+ 36.
Re2 Rd1 37. g3 a5 38. Ba6 Nc7 39. Bb7 b4 40. cxb4 axb4 41. Rc2 Rd4 42. Bf3 h4 43. Be2 hxg3+ 44. Kxg3 Nd5 45. Rxc4 Rd2 46. Bf3 Ne3 47. Rxb4 Nf5+ 48. Kg4 Nh6+ 49. Kg3 Nf5+ 50. Kg4 Ne3+ 51. Kg3 Nf5+ 1/2-1/2

[Event "*** Titled Tuesday Blitz"]
[Site "Chess.com"]
[Date "2021.03.09"]
[Round "9"]
[White "seorobert1971"]
[Black "lupta_robin"]
[Result "1-0"]
[WhiteElo "2742"]
[BlackElo "2592"]
[TimeControl "180+1"]
[EndTime "11:48:26 PST"]
[Termination "seorobert1971 won by checkmate"]

1. Nf3 Nf6 2. g3 Nc6 3. Bg2 e5 4. O-O e4 5. Ne1 d5 6. d3 Be7 7. f3 O-O 8. Nc3 Bc5+ 9. Kh1 e3 10. Na4 Bd6 11. d4 Re8 12. c3 b5 13. Nc5 Bxc5 14.
dxc5 d4 15. f4 Ne4 16. Kg1 Bf5 17. cxd4 Qxd4 18. Nc2 Qxc5 19. Bxe3 Qe7 20. Qc1 Rad8 21. Na3 Nd4 22. Bxd4 Rxd4 23. Nxb5 Rd7 24. e3 Qb4 25.
Nd4 Rxd4 26. exd4 Qxd4+ 27. Kh1 Nf2+ 28. Rxf2 Qxf2 29. b3 Re2 30. Qg1 h5 31. Qxf2 Rxf2 32. Kg1 Rb2 33. Rc1 Rxa2 34. Rxc7 Be6 35. Be4 g6 36. b4 Rb2 37. Rb7 a5 38. bxa5 Ra2 39.
Ra7 Kg7 40. a6 Kf6 41. Bd3 Ra3 42. Bf1 Ra1 43. Kf2 Ra2+ 44. Ke3 Rxh2 45. Rc7 Ra2 46. a7 Bd5 47. Kd4 Bf3 48. Bc4 Ra4 49. Rxf7# 1-0

[Event "*** Titled Tuesday Blitz"]
[Site "Chess.com"]
[Date "2021.03.09"]
[Round "9"]
[White "witcher8"]
[Black "OlifantCZ"]
[Result "1-0"]
[WhiteElo "2456"]
[BlackElo "2293"]
[TimeControl "180+1"]
[EndTime "11:48:26 PST"]
[Termination "witcher8 won on time"]

1. e4 e6 2. d4 d5 3. Nc3 Bb4 4. e5 c5 5. a3 Bxc3+ 6. bxc3 Qa5 7.
Bd2 Qa4 8. Qg4 g6 9. Nf3 Bd7 10. Ra2 Nc6 11. Be2 c4 12. O-O f5 13. Qg3 O-O-O 14. Bg5 Rf8 15. h4 h6 16. Bd2 Nge7 17. Rb1 b6 18. Nh2 Rh7 19. Qh3 Rfh8 20. Qg3 g5 21. f3 f4 22. Qg4 Nf5 23. Qh5 Be8 24. Qg4 Rg7 25. h5 Kd7 26. Nf1 Rhg8 27. Kf2 Rh7 28. g3 fxg3+ 29. Nxg3 Nxg3 30. Kxg3 Ne7 31. Rb4 Qa5 32. a4 Nf5+ 33. Kf2 Ke7 34. Ra1 Ng7 35. Rh1 Kd7 36. Bxg5 hxg5 37. Qxg5 Bf7 38. h6 Nf5 39. Qf4 Rg6 40. Rh2 Rgxh6 41. Rxh6 Rxh6 42.
Qg5 Rh7 43. f4 Qa6 44. Bg4 Qc8 45. Bxf5 1-0

[Event "*** Titled Tuesday Blitz"]
[Site "Chess.com"]
[Date "2021.03.09"]
[Round "9"]
[White "zacachess"]
[Black "ChrisTool2"]
[Result "1-0"]
[WhiteElo "2487"]
[BlackElo "2349"]
[TimeControl "180+1"]
[EndTime "11:48:29 PST"]
[Termination "zacachess won by checkmate"]

1. e4 c5 2. Nf3 d6 3. d4 cxd4 4. Nxd4 Nf6 5. Nc3 g6 6. Be3 Bg7 7. Be2 O-O 8. Nb3 Nc6 9. f4 a6 10. g4 b5 11. g5 Nd7 12. a3 Bb7 13. Qd2 Na5 14. Nxa5 Qxa5 15. Bd4 e5 16. fxe5 Nxe5 17. O-O-O Rac8 18. Kb1 Rfe8 19. h4 Nc4 20. Bxc4 Rxc4 21. Bxg7 Kxg7 22. h5 b4 23. Nd5 Bxd5 24. exd5 Qc5 25.
a4 Rce4 26. hxg6 hxg6 27. Qh2 Kf8 28. Qh8+ Ke7 29. Qf6+ Kd7 30. Qxf7+ R8e7 31. Qxg6 Re2 32. Qd3 Kc7 33. Rd2 R7e3 34. Qxe2 Rxe2 35. Rxe2 Qxd5 36. Rg1 Kb6 37. Reg2 Qc4 38. g6 b3 39. cxb3 Qd3+ 40.
Ka2 Ka5 41. g7 Kb4 42. Rg3 Qf5 43. g8=Q Ka5 44. Qc4 d5 45. Rg5 Qxg5 46. Rxg5 Kb6 47. Qxd5 a5 48. Rg6+ Ka7 49. Qf7+ Kb8 50. Rg8# 1-0

[Event "*** Titled Tuesday Blitz"]
[Site "Chess.com"]
[Date "2021.03.09"]
[Round "9"]
[White "zverr1"]
[Black "Fraler15"]
[Result "1-0"]
[WhiteElo "2451"]
[BlackElo "2296"]
[TimeControl "180+1"]
[EndTime "11:48:29 PST"]
[Termination "zverr1 won by checkmate"]

1. e4 c5 2. Nf3 e6 3. c4 Nc6 4. d4 cxd4 5. Nxd4 Nf6 6. Nc3 Bb4 7.
Nxc6 bxc6 8. Bd3 d5 9. exd5 exd5 10. O-O O-O 11. Bg5 h6 12. Bh4 Be6 13. cxd5 cxd5 14. Ne2 Be7 15. Nd4 Bg4 16. Qe1 Re8 17. Bb5 Bd7 18.
Nc6 Qb6 19. Nxe7+ Kf8 20. Bxf6 Qxf6 21. Bxd7 Rxe7 22. Qb4 a5 23. Qc5 Kg8 24. Bg4 Rd8 25.
Bf3 Red7 26. b3 d4 27. Qxa5 d3 28. Qd2 Rd4 29. h3 Qg6 30. Rac1 Kh7 31. Rfe1 R8d6 32. Rc4 Rxc4 33. bxc4 f5 34. c5 Rd8 35. c6 Qd6 36.
Re3 Qc7 37. Rxd3 Rb8 38. Rb3 Ra8 39. g3 Ra7 40. Qd3 Kg6 41. Bg4 Kf6 42. Qxf5+ Ke7 43. Qd7+ Qxd7 44. cxd7 Rxa2 45. Re3+ Kd8 46. Re8+ Kc7 47.
d8=Q+ Kc6 48. Re6+ Kc5 49. Qc7+ Kb5 50. Rb6+ Ka5 51.
Qa7# 1-0

[Event "*** Titled Tuesday Blitz"]
[Site "Chess.com"]
[Date "2021.03.09"]
[Round "9"]
[White "ShimanovAlex"]
[Black "ChessWarrior7197"]
[Result "0-1"]
[WhiteElo "2804"]
[BlackElo "2933"]
[TimeControl "180+1"]
[EndTime "11:48:30 PST"]
[Termination "ChessWarrior7197 won by resignation"]

1. Nf3 d5 2. e3 Nf6 3. c4 e6 4.
b3 b6 5. Bb2 Bb7 6. Nc3 a6 7.
cxd5 exd5 8. g3 d4 9. Nb1 dxe3 10. fxe3 Bc5 11. Bg2 O-O 12. O-O Ne4 13. Nd4 Bxd4 14.
Bxd4 c5 15. Bb2 Nd7 16. Rf4 f5 17. Nc3 Nxc3 18. Bxc3 Bxg2 19. Kxg2 Ne5 20. Bxe5 Qd5+ 21. Qf3 Qxe5 22. Rf1 Rad8 23. Rf2 Rf6 24. d4 cxd4 25. exd4 Qd5 26. Qxd5+ Rxd5 27. h4 Kf7 28. Rc2 Rd7 29.
Kf3 g6 30. Ke3 h6 31. Kd3 g5 32. hxg5 hxg5 33. Rf3 Kg6 34. Rcf2 Rd5 35. Kc4 Rfd6 36. Rd3 b5+ 37. Kc3 a5 38. a3 Re6 39. Rfd2 Kh5 40. a4 Rc6+ 41. Kb2 b4 42. Re3 Kg4 43. Red3 Re6 44. Kc2 Re4 45. Kd1 Re6 46. Rf2 Rh6 47. Re2 Rhd6 48. Red2 Rd8 49. Ke2 Rh8 50. Re3 Rh2+ 51.
Kd1 Rxd2+ 52. Kxd2 Rxd4+ 53. Ke2 Re4 54. Rxe4+ fxe4 55. Kf2 e3+ 56. Kg2 e2 0-1

[Event "*** Titled Tuesday Blitz"]
[Site "Chess.com"]
[Date "2021.03.09"]
[Round "9"]
[White "ChessQueen"]
[Black "rquery98"]
[Result "0-1"]
[WhiteElo "2773"]
[BlackElo "2666"]
[TimeControl "180+1"]
[EndTime "11:48:30 PST"]
[Termination "rquery98 won by checkmate"]

1. e4 e5 2. Nf3 Nc6 3. Bb5 a6 4. Ba4 Nge7 5. c3 g6 6. d4 exd4 7. cxd4 b5 8. Bb3 Bg7 9. O-O O-O 10. Nc3 d6 11. h3 Na5 12. Bc2 c5 13. Bg5 h6 14. Bh4 g5 15. Bg3 Nc4 16. Rb1 f5 17. exf5 Nxf5 18. Ne2 Bb7 19. Qd3 Qf6 20. Nh2 h5 21. f4 Nce3 22. fxg5 Qxg5 23. Nf3 Qg6 24.
Nh4 Nxh4 25. Rxf8+ Rxf8 26. Qxg6 Nxg6 27. Bxg6 cxd4 28.
Nf4 h4 29. Bh2 Be5 30. Nd3 Bxh2+ 31. Kxh2 Kg7 32. Bh5 Kh6 33. Be2 Bxg2 34. Rc1 Be4 35. Kg1 Rg8+ 36. Kf2 Rg2+ 37. Ke1 Bxd3 38. Bxd3 Rxb2 39.
Rc6 Rxa2 40. Rxd6+ Kg5 41. Rxd4 Ng2+ 42. Kd1 Nf4 43.
Be4 Nxh3 44. Bb7 Nf4 45. Rd8 h3 46. Rg8+ Kh4 47. Rh8+ Kg3 48. Rg8+ Kf2 49. Rf8 Ke3 50. Re8+ Kd3 51. Rd8+ Kc3 52. Rf8 Nd3 53. Rc8+ Kb4 54.
Rh8 h2 55. Rh4+ Kc3 56. Rh3 Rd2# 0-1

[Event "*** Titled Tuesday Blitz"]
[Site "Chess.com"]
[Date "2021.03.09"]
[Round "9"]
[White "DFeco"]
[Black "ljuks68"]
[Result "0-1"]
[WhiteElo "2297"]
[BlackElo "2451"]
[TimeControl "180+1"]
[EndTime "11:48:30 PST"]
[Termination "ljuks68 won by resignation"]

1. c4 c6 2. g3 d5 3. Nf3 Nf6 4. Bg2 Bg4 5. O-O Nbd7 6. b3 e5 7.
Bb2 Bd6 8. h3 Bh5 9. Nc3 Rc8 10.
d3 O-O 11. Rc1 a6 12. Qd2 d4 13. Ne4 Nxe4 14. dxe4 Be7 15. g4 Bg6 16. Qc2 Qc7 17. h4 h5 18. g5 f6 19. Bh3 Rcd8 20. Be6+ Kh8 21. Bf5 Bxf5 22. exf5 fxg5 23. hxg5 Nc5 24. b4 d3 25. Bxe5 Qd7 26. exd3 Qxf5 27. Qc3 Rxd3 28.
Bxg7+ Kg8 29. Qe5 Rxf3 30. Qxf5 R8xf5 31. bxc5 Rxg5+ 32. Kh2 Kxg7 33. Rfe1 Bxc5 34. Rcd1 Rgf5 35. Kh1 Rxf2 36. Rd7+ Rf7 37. Rxf7+ Kxf7 38. Rd1 Ke7 39. a4 Rc2 40. Re1+ Kd7 41. Re4 Ra2 42. Re5 Bd4 43.
Rxh5 Rxa4 44. Rh7+ Kc8 45. Kg2 Rxc4 46. Kf3 a5 47.
Ke2 a4 48. Kd3 b5 49. Rh1 a3 50. Rf1 a2 51. Rf8+ Kb7 52. Rf1 0-1

[Event "*** Titled Tuesday Blitz"]
[Site "Chess.com"]
[Date "2021.03.09"]
[Round "9"]
[White "vinniethepooh"]
[Black "axvesik"]
[Result "1-0"]
[WhiteElo "2710"]
[BlackElo "2522"]
[TimeControl "180+1"]
[EndTime "11:48:31 PST"]
[Termination "vinniethepooh won by resignation"]

1. d4 Nf6 2. c4 e6 3. Nc3 Bb4 4. f3 c5 5. d5 O-O 6. e4 Re8 7. Ne2 exd5 8. cxd5 d6 9. Bg5 a6 10. Qd2 Nbd7 11. Ng3 h6 12. Be3 b5 13. Bd3 Ne5 14.
O-O Ba5 15. Be2 Bd7 16. Rae1 Nc4 17. Bxc4 bxc4 18. Bxh6 gxh6 19. Qxh6 Nh7 20. e5 Rxe5 21. Rxe5 dxe5 22. Nce4 Qf8 23. Nf6+ Nxf6 24. Qxf6 Qg7 25.
Nh5 Qg6 26. Qxg6+ fxg6 27. Nf6+ Kf7 28. Nxd7 Bc7 29. Re1 Re8 30. Kf1 Rh8 31. h3 Rd8 32. Nxe5+ Kf6 33. Nxc4 Rxd5 34. Ke2 Rd4 35. b3 Bf4 36.
Rd1 Ke6 37. Rxd4 cxd4 38. Kd3 Kd5 39. Nb6+ Kc5 40. Nd7+ Kd5 41. Nf6+ Ke5 42. Ng4+ Kd5 43. Nf2 Be5 44. Ne4 Bg7 45. f4 Bh8 46. g3 Bg7 47.
g4 Bh8 48. h4 Bg7 49. Ng5 Bh6 50. Nh3 Bg7 51. g5 Bf8 52. Nf2 Bd6 53. Nh3 Bc7 54. h5 gxh5 55. g6 1-0